 Dungeon Crawl Stone Soup version 0.28-a0-773-g130ae17fe5 (webtiles) character file.

Game seed: 2714548510342479352

4 avis the Magician (level 1, 0/19 HPs)
             Began as a Djinni Warper on Nov 2, 2021.
             Killed from afar by a dart slug (3 damage)
             ... with a slug dart
             ... on level 1 of the Dungeon.
             The game lasted 00:02:47 (418 turns).

avis the Magician (Djinni Warper)                    Turns: 418, Time: 00:02:48

Health: 0/19       AC:  3    Str: 10    XL:     1   Next: 77%
Gold:   14         EV: 11    Int: 14    God:
                   SH:  0    Dex: 12

rFire   + + .      SeeInvis .   e - +0 club
rCold   x . .      Faith    .   (no shield)
rNeg    . . .      Spirit   .   a - +0 leather armour
rPois   ∞          Reflect  .   (no helmet)
rElec   .          Harm     .   (no cloak)
rCorr   .          Rampage  .   (no gloves)
Will    .....                   (boots unavailable)
Stlth   +.........              (no amulet)
HPRegen 0.06/turn               (no ring)
MPRegen 0.00/turn               (no ring)

@: flying
A: sickness immunity, fire resistance 2, cold vulnerability 1, float, innate
caster, hp casting, extra vitality 1
a: no special abilities


You were on level 1 of the Dungeon.
You visited 1 branch of the dungeon, and saw 1 of its levels.

You collected 14 gold pieces.

Inventory:

Hand Weapons
 e - a +0 club (weapon)
Missiles
 c - 5 boomerangs of dispersal (quivered)
 g - a stone
Armour
 a - a +0 leather armour (worn)
Scrolls
 b - a scroll of blinking
Potions
 d - a potion of haste {unknown}
 f - 2 potions of curing {unknown}


   Skills:
 * Level 2.4 Fighting
 - Level 0.7 Throwing
 - Level 1.0 Armour
 - Level 2.1 Dodging
 - Level 2.0 Unarmed Combat
 - Level 2.4 Spellcasting


You couldn't memorise any spells.
You knew the following spells:

 Your Spells              Type           Power      Damage    Failure   Level
b - Blink                 Tloc           16%        N/A       17%         2
g - Gell's Gravitas       Tloc           8%         N/A       34%         3
k - Lesser Beckoning      Tloc           8%         N/A       34%         3
o - Teleport Other        Tloc           8%         N/A       34%         3
M - Manifold Assault      Tloc           8%         N/A       97%         5
Your spell library was empty.

Dungeon Overview and Level Annotations

Branches:
Dungeon (1/15)

Altars:

Shops:
D:1 (


Innate Abilities, Weirdness & Mutations

You are immune to sickness and miasma.
You are immune to poison.
Your flesh is very heat resistant. (rF++)
You are vulnerable to cold. (rC-)
You float through the air rather than walking.
You learn spells naturally, not from books.
Your magical power is your life essence.
You have superior vitality. (+4 HP)


Message History

Adjust which spell? b - Lesser Beckoning Adjust to which letter? k - Lesser Beckoning Adjust (i)tems, (s)pells, or (a)bilities?
Adjust which spell? a - Blink Adjust to which letter? k - Blink; a - Lesser Beckoning Cast which spell? (? or * to list)
You don't know that spell.
The ball python closely misses you. The ball python constricts you.
The ball python barely misses you. The ball python constricts you.
Unknown command.
Adjust (i)tems, (s)pells, or (a)bilities?
Adjust which spell? k - Blink Adjust to which letter? a - Blink; k - Lesser Beckoning Adjust (i)tems, (s)pells, or (a)bilities?
Adjust which spell? a - Blink Adjust to which letter? b - Blink Cast which spell? (? or * to list)
You aren't experienced enough to cast this spell.
Unknown command.
The ball python's grasp on you weakens, but your attempt to escape fails.
The ball python completely misses you. The ball python constricts you.
* * * LOW HITPOINT WARNING * * *
You escape the ball python's grasp.
Cast which spell? (? or * to list)
You aren't experienced enough to cast this spell.
You hit the ball python.
You kill the ball python!
You start resting.
A dart slug is nearby!
The dart slug launches a dart at you. The slug dart hits you.
You die...

#......)....# .........#
##'########## .........#
#.# .........# #.#
.........# #.# .........#
#.# .........# #.#
.........###########w#
.........'......@.†..#
.........#################
.........#...............#
.........#.8.8.#'#+#.8.8.#
#...######..8..#.<.#..8..#
##†## #.8.8.#####.8.8.#
##.# #....)..........#
...# ###...⌠...⌠...###
#############....8....##


You could see a dart slug.

Vanquished Creatures
  2 kobolds (D:1)
  A quokka (D:1)
  A ball python (D:1)
  A rat (D:1)
5 creatures vanquished.

Notes
Turn   | Place    | Note
-------+----------+-------------------------------------------
     0 | D:1      | avis the Djinni Warper began the quest for the Orb.
     0 | D:1      | Reached XP level 1. HP: 18/18 MP: 0/0
    22 | D:1      | Found Juafetyos's Antique Weapon Shop.
   418 | D:1      | Killed from afar by a dart slug

Illustrated notes

Levels and vault maps discovered:
D:1:      ncdulo_halloftheorcs, layout_basic, serial_shops, shop

Action                   || total
-------------------------++-------
Melee: Club              ||    16
       Unarmed           ||    14
Armor: Leather armour    ||     6
Dodge: Dodged            ||    18

Table legend: (Time is in decaauts)
 A = Elapsed time spent in this place.
 B = Non-inter-level travel time spent in this place.
 C = Inter-level travel time spent in this place.
 D = Time resting spent in this place.
 E = Time spent auto-exploring this place.
 F = Levels seen in this place.
 G = Mean time per level.
                   A        B        C        D        E       F      G
               +--------+--------+--------+--------+--------+-----+--------+
         Total |    421 |    421 |      0 |    194 |    125 |   1 |  421.0 |
       Dungeon |    421 |    421 |      0 |    194 |    125 |   1 |  421.0 |
               +--------+--------+--------+--------+--------+-----+--------+

Top non-repeatable levels by time:
     D:1: 421 daAuts
